Match 46940154
Unlisted

Match 46940154
End
Panzergrenadier Squad
250 Light Carrier
Panzergrenadier Squad
Construct Light Support Kompanie
Selects Panzerjäger Kommand Battlegroup
Selects GrB 39 Grenade Launcher Requisition
Combat Half-tracks
Fire Support Elements
MG34 Team
Vehicle Survival Package
Panzerjäger Mechanized Group
Selects Crew Shock Tactics
Panzerjäger Squad
Construct Panzerarmee Kommand
Crew Shock Tactics
Panzergrenadier Squad
Selects Blockade Equipment
Selects Defensive Positions
Veteran Squad Leaders
Walking Stuka Rocket Launcher
Flak 36 Anti-tank Gun Team
Crew Shock Tactics
Panzergrenadier Squad
Selects Elefant Tank Destroyer
Crew Shock Tactics
Panzerjäger Mechanized Group
Elefant Tank Destroyer
WilllTHENOOBz
我小叮当今晚要搞事!
sss
FLOKL
Gear-IV-G
Suckobert
咖喱
冲锋大哥
0
0

Comments sign in to comment!

No comments posted yet!